 Dungeon Crawl Stone Soup version 0.28.0-1-gb440e238dd (webtiles) character file.

Game seed: 16968053899321314217

616 bande the Covered (level 7, -1/44 HPs)
             Began as a Gargoyle Fighter on Feb 21, 2022.
             Slain by a gnoll sergeant (8 damage)
             ... on level 5 of the Dungeon.
             The game lasted 00:08:11 (3776 turns).

bande the Covered (Gargoyle Fighter)                Turns: 3776, Time: 00:08:11

Health: -1/44      AC: 16    Str: 20    XL:     7   Next: 45%
Magic:  7/7        EV:  7    Int:  8    God:
Gold:   180        SH:  4    Dex: 11    Spells: 6/6 levels left

rFire   . . .      SeeInvis .   a - +0 war axe
rCold   + . .      Faith    .   c - +0 buckler
rNeg    + . .      Spirit   .   m - +2 chain mail {rC+}
rPois   ∞          Reflect  .   (no helmet)
rElec   +          Harm     .   (no cloak)
rCorr   .          Rampage  .   (no gloves)
Will    .....                   (no boots)
Stlth   ..........              h - amulet of regeneration
HPRegen 0.94/turn               (no ring)
MPRegen 0.10/turn               (no ring)

@: no status effects
A: sickness immunity, AC +4, negative energy resistance 1, electricity
resistance, torment resistance 1, petrification resistance
a: no special abilities


You were on level 5 of the Dungeon.
You visited 1 branch of the dungeon, and saw 5 of its levels.

You collected 180 gold pieces.

Inventory:

Hand Weapons
 a - a +0 war axe (weapon)
 g - a +0 war axe
Armour
 c - a +0 buckler (worn)
 m - a +2 chain mail of cold resistance (worn)
Jewellery
 b - an amulet of guardian spirit
 h - an amulet of regeneration (around neck)
 l - an amulet of faith
Scrolls
 e - 2 scrolls of magic mapping
 o - a scroll of fear {unknown}
 p - a scroll of enchant weapon {unknown}
Potions
 d - a potion of might
 f - a potion of haste
 i - a potion of flight {unknown}
 j - a potion of mutation {unknown}
 k - a potion of lignification {unknown}
 n - a potion of experience {unknown}


   Skills:
 + Level 4.8 Fighting
 + Level 5.1 Axes
 + Level 5.6 Armour
 + Level 4.0 Shields


You had 6 spell levels left.
You didn't know any spells.
Your spell library contained the following spells:

 Spells                   Type           Power      Damage    Failure   Level
 Static Discharge         Conj/Air       0%         N/A       100%        2
 Dazzling Flash           Conj/Hex       0%         N/A       100%        3
 Iskenderun's Mystic Bla  Conj/Tloc      0%         2d3       100%        4
 Lightning Bolt           Conj/Air       0%         1d11      100%        5
 Starburst                Conj/Fire      0%         6d3       100%        6
 Maxwell's Capacitive Co  Air            0%         ∞         100%        8


Dungeon Overview and Level Annotations

Branches:
Dungeon (5/15)             Temple (0/1) D:4

Altars:

Shops:
D:3 (

Annotations:
D:4 1 transporter, Clumpoid's ghost, amateur GnFi


Innate Abilities, Weirdness & Mutations

You are immune to sickness and miasma.
Your stone body is resilient. (AC +4)
You are immune to poison.
You resist negative energy. (rN+)
You are resistant to electric shocks. (rElec)
You are resistant to unholy torment.
You are immune to petrification.


Message History

You slash the gnoll! The gnoll hits you but does no damage.
The gnoll sergeant hits you but does no damage.
The gnoll barely misses you.
You barely miss the gnoll.
The gnoll is severely wounded.
You barely miss the gnoll sergeant.
The gnoll sergeant hits you with a +3 spear of flaming.
The gnoll sergeant burns you. The gnoll hits you but does no damage.
You barely miss the gnoll.
The gnoll is severely wounded.
You closely miss the gnoll sergeant.
The gnoll sergeant hits you with a +3 spear of flaming!
The gnoll sergeant burns you. The gnoll hits you but does no damage.
The gnoll sergeant hits you with a +3 spear of flaming.
* * * LOW HITPOINT WARNING * * *
The gnoll sergeant burns you.
* * * LOW HITPOINT WARNING * * *
You barely miss the gnoll.
The gnoll is severely wounded.
You slash the gnoll sergeant! The gnoll barely misses you.
The gnoll sergeant hits you with a +3 spear of flaming.
* * * LOW HITPOINT WARNING * * *
The gnoll sergeant burns you.
* * * LOW HITPOINT WARNING * * *
You closely miss the gnoll.
The gnoll is severely wounded.
You hit the gnoll sergeant but do no damage.
The gnoll hits you with a +0 halberd.
* * * LOW HITPOINT WARNING * * *
The gnoll sergeant hits you but does no damage.
The gnoll hits you but does no damage.
You hit the gnoll sergeant but do no damage.
The gnoll sergeant is severely wounded.
You hit the gnoll but do no damage. The gnoll sergeant closely misses you.
The gnoll hits you but does no damage.
You hit the gnoll sergeant but do no damage.
The gnoll sergeant is severely wounded.
You barely miss the gnoll.
The gnoll sergeant hits you with a +3 spear of flaming!
You die...

...... ..## .......##. ...
#......... .. #........# .#
.. ........#####.# ... #.
##.....##..<..# #...# #..
#.......##....##....## #...
#........)..##.......
..#.####.....g@).........##.
.....#.......g..............
......†..........†..........
.##.##......................
.. #...............[...#
....####...................#
................####....##.#
...###..##.....# ##.[.#
#.##.......# #####


You could see a gnoll sergeant and a gnoll.

Vanquished Creatures
  An orc warrior (D:4)
  A scorpion (D:4)
  A jelly (D:4)
  2 orc priests
  2 iguanas (D:5)
  Natasha (thrice) (D:4)
  4 orc wizards
  6 gnolls
  2 adders (D:4)
  An adder skeleton (D:4)
  A dart slug (D:2)
  11 orcs
  3 ball pythons
  5 bats
  4 endoplasms
  3 giant cockroaches
  4 goblins
  2 hobgoblins (D:1)
  4 quokkas
  2 frilled lizards
  6 kobolds
  5 rats
73 creatures vanquished.

Notes
Turn   | Place    | Note
-------+----------+-------------------------------------------
     0 | D:1      | bande the Gargoyle Fighter began the quest for the Orb.
     0 | D:1      | Reached XP level 1. HP: 14/14 MP: 1/1
   134 | D:1      | Found a faded altar of an unknown god.
   451 | D:1      | Reached XP level 2. HP: 19/19 MP: 2/2
  1162 | D:2      | Reached XP level 3. HP: 15/23 MP: 3/3
  1880 | D:3      | Reached XP level 4. HP: 27/29 MP: 4/4
  2309 | D:3      | Found Rom Veask's Weapon Shop.
  2553 | D:4      | Reached XP level 5. HP: 13/33 MP: 5/5
  2601 | D:4      | Found a transporter.
  2601 | D:4      | Noticed Clumpoid's ghost (amateur GnFi)
  2601 | D:4      | Identified the +12 great mace of Forghi Liajo {protect, rC+
                  | Will+ Dex+4}
  2601 | D:4      | Noticed an ogre
  2602 | D:4      | Noticed an ogre
  2602 | D:4      | Noticed an ogre
  2992 | D:4      | Reached XP level 6. HP: 28/38 MP: 6/6
  3144 | D:4      | Noticed an orc warrior
  3161 | D:4      | Killed an orc warrior
  3162 | D:4      | Reached skill level 5 in Armour
  3336 | D:4      | Reached XP level 7. HP: 41/44 MP: 7/7
  3379 | D:4      | Noticed Natasha
  3387 | D:4      | Killed Natasha
  3461 | D:4      | Noticed Natasha
  3468 | D:4      | Killed Natasha
  3486 | D:4      | Found a staircase to the Ecumenical Temple.
  3542 | D:4      | Noticed Natasha
  3568 | D:4      | Killed Natasha
  3624 | D:5      | Entered Level 5 of the Dungeon
  3665 | D:5      | Reached skill level 5 in Axes
  3776 | D:5      | Slain by a gnoll sergeant

Illustrated notes

Levels and vault maps discovered:
D:1:      psy_arrival_statuary, layout_basic, basic_ecumenical_altar
D:2:      layout_rooms, grunt_decor_one_mirror
D:3:      layout_loops_cross, serial_shops, shop
D:4:      layout_cave_pools, minmay_temple_entry_from_below_a,
          gammafunk_ghost_smash, guppyfry_early_orc_mine, uniq_natasha
D:5:      minmay_chambers_of_threes, layout_cave_pools, kennysheep_mini,
          nicolae_gozag_seed_capital, nicolae_concentric_dashed_squares_wild

Skill      XL: |  1  2  3  4  5  6  7 |
---------------+----------------------+-----
Axes           | 2 3 4 5 |  5.1
Armour         | 4 5 |  5.6
Fighting       | 4 |  4.8
Shields        | 4 |  4.0

Action                   |  1- 3 |  4- 6 |  7- 9 || total
-------------------------+-------+-------+-------++-------
Melee: War axe           |   105 |   129 |    57 ||   291
  Use: Scroll            |     4 |     2 |       ||     6
       Potion            |       |     1 |       ||     1
Armor: Scale mail        |    82 |   118 |       ||   200
       Chain mail        |       |       |    53 ||    53
Dodge: Dodged            |    77 |    57 |    26 ||   160
Block: Buckler           |    14 |    22 |    12 ||    48
